AoeStats
← 我血你

MegaRandom

510116863Analyzed
4v4 RM · 4d ago on Sep 29, 2026· 69m 30s· 8 players
Game mode
Random Map
Map size
Large (8 player)
Population
200
Speed
Normal
Resources
Standard
Victory
Conquest
Starting age
Dark Age
Ending age
Imperial Age
RankedLock teamsTeams togetherTeam positionsShared explorationLock speedFull tech treeHidden civsTurbo modeCheats
Victory
Defeat
🇺🇸 Danes · United States
1062
+13
🇬🇧 Persians · United Kingdom
1031
+14
🇹🇼 Franks · Taiwan
1027
+14
🇮🇳 Bengalis · India
1010
+15
🇻🇪 Poles · Venezuela
1086
-17
🇨🇳 Franks · China
988
-14
🇨🇳 Romans · China
986
-14
🇨🇳 Britons · China
909
-11
Doofy69
5:49 Loom
8:59 Feudal Age
9:19 Town Watch
9:22 Double-Bit Axe
10:11 Horse Collar
22:26 Castle Age
20:58 Fletching
21:23 Padded Archer Armor
22:22 Crossbowman
23:01 Bodkin Arrow
23:43 Wheelbarrow
25:30 Padded Archer Armor
27:45 Bow Saw
28:58 Leather Archer Armor
31:11 Heavy Plow
36:37 Imperial Age
35:45 Scale Barding Armor
35:51 Forging
36:03 Husbandry
36:14 Bloodlines
37:21 Chain Barding Armor
37:31 Ring Archer Armor
38:34 Chemistry
40:57 Conscription
42:40 Crop Rotation
43:34 Fervor
43:30 Kamandaran
44:25 Ring Archer Armor
45:17 Elite War Elephant
46:34 Iron Casting
48:24 Blast Furnace
52:37 Theocracy
53:09 Ballistics
55:38 Plate Barding Armor
56:09 Hand Cart
57:02 Coinage
57:27 Devotion
57:58 Citadels
58:34 Faith
63:20 Banking
63:36 Stone Mining
63:36 Gold Mining
64:47 Two-Man Saw
Detective TOIR
11:49 Feudal Age
15:41 Castle Age
13:39 Double-Bit Axe
17:28 Fervor
17:22 Loom
21:52 Bow Saw
21:25 Horse Collar
21:38 Gold Mining
21:40 Stone Mining
24:37 Wheelbarrow
27:29 Hand Cart
29:55 Forging
29:45 Scale Mail Armor
31:31 Hamask
36:59 Imperial Age
34:56 Squires
34:42 Gambesons
34:52 Arson
36:36 Heavy Plow
37:11 Elite Varangian Guard
38:35 Iron Casting
38:15 Chain Mail Armor
38:30 Chain Mail Armor
38:44 Conscription
38:27 Elite Jomsviking
42:51 Blast Furnace
42:22 Plate Mail Armor
63:48 Murder Holes
64:13 Masonry
Harisudhan D
0:35 Loom
12:33 Feudal Age
14:55 Double-Bit Axe
14:54 Horse Collar
16:07 Wheelbarrow
17:36 Gold Mining
21:26 Castle Age
19:58 Fletching
20:09 Padded Archer Armor
22:22 Bodkin Arrow
22:43 Leather Archer Armor
29:06 Hand Cart
kukucdenss
7:44 Loom
12:19 Feudal Age
15:40 Scale Barding Armor
18:40 Forging
23:21 Castle Age
22:53 Double-Bit Axe
24:50 Chain Barding Armor
24:27 Gambesons
24:03 Pikeman
26:09 Bow Saw
26:38 Wheelbarrow
27:28 Scale Mail Armor
34:50 Imperial Age
32:37 Hand Cart
33:40 Gold Mining
34:03 Squires
34:20 Chain Mail Armor
34:21 Husbandry
34:58 Iron Casting
35:09 Cavalier
37:20 Plate Mail Armor
37:28 Plate Barding Armor
38:57 Blast Furnace
38:11 Fortified Wall
38:43 Halberdier
42:35 Conscription
42:07 Fletching
42:07 Paladin
44:55 Bodkin Arrow
52:09 Gold Shaft Mining
51:24 Stone Mining
52:40 Chemistry
52:00 Ballistics
69:13 Chivalry
Pets_T饕
12:04 Feudal Age
12:56 Double-Bit Axe
12:57 Man-at-Arms
14:28 Forging
17:28 Scale Barding Armor
20:41 Castle Age
19:58 Bloodlines
20:54 Light Cavalry
21:44 Husbandry
22:48 Bow Saw
24:21 Horse Collar
26:24 Wheelbarrow
25:35 Pikeman
26:16 Squires
27:26 Iron Casting
28:02 Stone Mining
28:41 Hand Cart
29:43 Chain Barding Armor
30:29 Heavy Plow
30:29 Fletching
32:39 Fortified Wall
32:40 Masonry
33:42 Ballistics
33:21 Bodkin Arrow
34:15 Gold Mining
34:13 Town Watch
35:54 Gold Shaft Mining
40:07 Imperial Age
39:18 Town Patrol
39:57 Ballistics
40:18 Cavalier
42:01 Blast Furnace
41:36 Plate Barding Armor
41:24 Conscription
43:10 Elite Centurion
44:15 Comitatenses
48:08 Siege Engineers
49:04 Chemistry
48:34 Architecture
53:55 Murder Holes
69:49 Illumination
我血你
13:01 Feudal Age
13:57 Double-Bit Axe
17:29 Castle Age
17:29 Stone Mining
19:08 Wheelbarrow
24:28 Gold Mining
28:46 Scale Barding Armor
28:32 Fletching
29:12 Husbandry
35:51 Hand Cart
37:37 Chain Barding Armor
37:28 Forging
41:40 Imperial Age
40:05 Bodkin Arrow
42:06 Gold Shaft Mining
42:08 Bow Saw
42:39 Iron Casting
43:05 Conscription
43:37 Plate Barding Armor
42:26 Cavalier
43:51 Paladin
46:56 Blast Furnace
50:10 Chivalry
59:32 Light Cavalry
Red Pyramid
8:05 Loom
11:15 Feudal Age
21:26 Castle Age
19:18 Double-Bit Axe
20:35 Bloodlines
20:21 Fletching
20:29 Horse Collar
21:56 Scale Mail Armor
24:13 Squires
24:57 Bodkin Arrow
25:27 Town Watch
28:01 Husbandry
28:48 Scale Barding Armor
29:45 Forging
30:48 Chain Barding Armor
31:05 Bow Saw
32:41 Iron Casting
32:05 Light Cavalry
33:29 Chain Mail Armor
33:13 Pikeman
35:28 Szlachta Privileges
35:41 Heavy Plow
38:26 Wheelbarrow
42:12 Imperial Age
40:11 Gold Mining
42:50 Cavalier
44:36 Blast Furnace
45:13 Hand Cart
Loveytjs
10:04 Feudal Age
18:22 Castle Age
17:17 Double-Bit Axe
17:14 Horse Collar
18:02 Gold Mining
25:08 Squires
25:39 Forging
27:12 Stone Mining
37:10 Wheelbarrow
37:13 Bow Saw
37:22 Heavy Plow
40:28 Fletching
42:09 Crossbowman
45:01 Hand Cart
44:56 Bodkin Arrow
45:02 Padded Archer Armor
46:51 Ballistics
49:07 Imperial Age
50:21 Iron Casting
50:25 Pikeman
52:37 Two-Man Saw
Connection lost

Rejoining the realm…

Still unreachable

The connection could not be restored.

Session expired

The server has moved on; the page needs a fresh start.